 Dungeon Crawl Stone Soup version 0.17.1-2-g5865329 (webtiles) character file.

756 PossumBlood the Archer (level 7, -1/45 HPs)
             Began as a High Elf Hunter on Jan 29, 2016.
             Slain by an adder (5 damage)
             ... on level 4 of the Dungeon.
             The game lasted 00:13:46 (4245 turns).

PossumBlood the Archer (High Elf Hunter)            Turns: 4245, Time: 00:13:46

Health: -1/45      AC:  4    Str:  9    XL:     7   Next: 50%
Magic:  8/8        EV: 12    Int: 15    God:
Gold:   149        SH:  0    Dex: 18    Spells: 0 memorised, 6 levels left

rFire  . . .     SeeInvis .     j - -1 hand crossbow (curse)
rCold  . . .     Clarity  .     w - +0 leather armour (curse)
rNeg   . . .     SustAt   .     (no shield)
rPois  +         Gourm    .     k - +0 helmet
rElec  .         Spirit   .     (no cloak)
rCorr  .         Warding  .     (no gloves)
rMut   .         Stasis   .     (no boots)
MR     +....                    (no amulet)
Stlth  ++........               (no ring)
                                r - ring of poison resistance

@: very slightly contaminated, somewhat resistant to hostile enchantments,
unstealthy
A: magic resistance 1, weak 1, subdued magic 1
a: no special abilities


You were on level 4 of the Dungeon.
You were not hungry.

You visited 1 branch of the dungeon, and saw 4 of its levels.

You collected 149 gold pieces.

Inventory:

Hand Weapons
 a - a +3 shortbow
 b - a +0 short sword
 h - a +2 dagger of flaming
 j - a cursed -1 hand crossbow (weapon)
Missiles
 d - 56 arrows
Armour
 c - a +0 leather armour
 k - a +0 helmet (worn)
 w - a cursed +0 leather armour (worn)
Jewellery
 r - a ring of poison resistance (left hand)
Scrolls
 v - 2 scrolls of identify
Potions
 f - a potion of magic
 n - a potion of might
 p - 2 potions of agility
 q - a potion of brilliance
 s - a potion of flight
Books
 u - a book of Callings

   Spells                             Type                      Level
   a - Summon Small Mammal            Summoning                    1
   b - Call Imp                       Summoning                    2
   c - Call Canine Familiar           Summoning                    3
   d - Summon Guardian Golem          Hexes/Summoning              3
   e - Summon Lightning Spire         Summoning/Air                4
   f - Summon Ice Beast               Ice/Summoning                4
Comestibles
 i - 3 meat rations
 m - 2 bread rations


   Skills:
 - Level 2.0 Fighting
 * Level 11.8 Bows
 - Level 2.1 Dodging
 - Level 1.1 Stealth


You had 6 spell levels left.
You didn't know any spells.

Dungeon Overview and Level Annotations

Branches:
Dungeon (4/15)
 Temple: D:4-7

Altars:


Innate Abilities, Weirdness & Mutations

You are resistant to hostile enchantments.
You are weak. (Str -2)
Your spells are a little easier to cast, but a little less powerful.


Message History

The adder bites you but does no damage.
Your magical contamination has completely faded away.
You feel sick.
There is an open door here.
Read which item? (? for menu, Esc to quit)
Blink to where?
Press: ? - help, Dir - move target cursor You are very lightly contaminated with residual magic.
As you read the scroll of blinking, it crumbles to dust.
You feel sick.
You feel sick.
You are no longer poisoned.
The adder bites you.
* * * LOW HITPOINT WARNING * * *
The adder misses you. The adder barely misses you.
You miss the adder. The adder closely misses you. The adder barely misses you.
The adder bites you but does no damage. The adder bites you.
* * * LOW HITPOINT WARNING * * *
You miss the adder. The adder misses you. The adder bites you.
You die...

########
#......#
#####
#..S@..#
#....
#...S..#
#....
#...Z..#
#....
#......#
#....
#......###
##+##
#........#
#####....
#........#
#...#....
#........#
#...#....
#........#
...#....


You could see 2 adders and an adder skeleton.

Vanquished Creatures
  A hungry ghost (D:4)
  Duvessa (D:4)
  A phantom (D:4)
  Dowan (D:4)
  An orc priest (D:4)
  Ijyb (D:4)
  An orc wizard (D:3)
  Terence (D:2)
  2 iguanas (D:4)
  A worker ant (D:4)
  A hound skeleton (D:4)
  Robin (D:4)
  6 adders
  A worm (D:2)
  2 giant geckos
  18 orcs
  9 bats
  5 giant cockroaches
  26 goblins
  11 hobgoblins
  9 jackals
  8 kobolds
  2 quokkas (D:2)
  4 ball pythons
  3 giant newts
  6 rats
123 creatures vanquished.

Notes
Turn   | Place    | Note
--------------------------------------------------------------
     0 | D:1      | PossumBlood the High Elf Hunter began the quest for the Orb.
     0 | D:1      | Reached XP level 1. HP: 14/14 MP: 2/2
     2 | D:1      | Noticed a gargoyle
     2 | D:1      | Noticed a minotaur
     4 | D:1      | Noticed a merfolk
     4 | D:1      | Noticed a felid
     6 | D:1      | Noticed a naga
     6 | D:1      | Noticed a troll
     8 | D:1      | Noticed a spriggan
     8 | D:1      | Noticed a vampire
    10 | D:1      | Noticed a ghoul
    12 | D:1      | Noticed a human
    12 | D:1      | Noticed a draconian
    14 | D:1      | Noticed a formicid
    14 | D:1      | Noticed an ogre
    16 | D:1      | Noticed a demonspawn
    18 | D:1      | Noticed a vine stalker
    18 | D:1      | Noticed a centaur
    20 | D:1      | Noticed an octopode
    22 | D:1      | Noticed a demigod
    24 | D:1      | Noticed a tengu
    24 | D:1      | Noticed a dwarf
    26 | D:1      | Noticed an elf
   352 | D:1      | Reached XP level 2. HP: 17/19 MP: 3/3
   399 | D:1      | Reached skill level 6 in Bows
   941 | D:1      | Reached XP level 3. HP: 24/24 MP: 4/4
  1143 | D:2      | Reached skill level 7 in Bows
  1347 | D:2      | Reached XP level 4. HP: 29/29 MP: 5/5
  1458 | D:2      | Noticed Terence
  1466 | D:2      | Killed Terence
  1660 | D:3      | Reached skill level 8 in Bows
  1870 | D:3      | Reached XP level 5. HP: 15/34 MP: 6/6
  2490 | D:4      | Reached skill level 9 in Bows
  2633 | D:4      | Noticed Ijyb
  2645 | D:4      | Killed Ijyb
  2850 | D:4      | Reached XP level 6. HP: 39/39 MP: 7/7
  3144 | D:4      | Reached skill level 10 in Bows
  3221 | D:4      | Noticed a hungry ghost
  3227 | D:4      | Killed a hungry ghost
  3227 | D:4      | Reached skill level 11 in Bows
  3227 | D:4      | Reached XP level 7. HP: 45/45 MP: 8/8
  3237 | D:4      | Noticed Robin
  3253 | D:4      | Killed Robin
  3402 | D:4      | Noticed Dowan
  3412 | D:4      | Killed Dowan
  3414 | D:4      | Noticed Duvessa
  3426 | D:4      | Killed Duvessa
  4141 | D:4      | Gained mutation: You are weak. (Str -2) [potion of mutation]
  4141 | D:4      | Gained mutation: You are resistant to hostile enchantments. [potion of mutation]
  4141 | D:4      | Gained mutation: Your spells are a little easier to cast, but a little less powerful. [potion of mutation]
  4245 | D:4      | Slain by an adder

Action                   |  1- 3 |  4- 6 |  7- 9 || total
-------------------------+-------+-------+-------++-------
Melee: Hand crossbow     |       |       |    22 ||    22
 Fire: Shortbow          |   113 |   206 |    54 ||   373
  Use: Potion            |       |     2 |     3 ||     5
       Scroll            |       |    12 |     4 ||    16
  Eat: Bread ration      |     1 |       |     1 ||     2
       Fruit             |       |     3 |       ||     3
       Pizza             |       |       |     1 ||     1
